 Dungeon Crawl Stone Soup version 0.30.0-29-ga12c61a403 (webtiles) character file.

Game seed: 4348283638724285133

11 Chilbo the Chiller (level 2, 0/19 HPs)
             Began as a Merfolk Ice Elementalist on June 11, 2023.
             Slain by a gnoll
             ... wielding a +0 flail
              (9 damage)
             ... on level 1 of the Dungeon.
             The game lasted 00:02:07 (286 turns).

Chilbo the Chiller (Merfolk Ice Elementalist)        Turns: 286, Time: 00:02:09

Health: 0/19       AC:  2    Str:  8    XL:     2   Next: 29%
Magic:  3/5        EV: 12    Int: 14    God:
Gold:   13         SH:  0    Dex: 14    Spells: 4/5 levels left

rFire   . . .        (no weapon)
rCold   . . .        (no shield)
rNeg    . . .        a - +0 robe
rPois   .            (no helmet)
rElec   .            (no cloak)
rCorr   .            (no gloves)
SInv    .            (no boots)
Will    .....        (no amulet)
Stlth   ++           (no ring)
HPRegen 0.23/turn    (no ring)
MPRegen 0.09/turn

%: no passive effects
@: no status effects
A: (nimble swimmer 2), mertail
a: no special abilities


You were on level 1 of the Dungeon.
You visited 1 branch of the dungeon, and saw 1 of its levels.

You collected 13 gold pieces.

Inventory:

Armour
 a - a +0 robe (worn)
Jewellery
 h - an amulet of faith
Scrolls
 c - a scroll of immolation {unknown}
 f - a scroll of identify {unknown}
 g - 2 scrolls of noise {unknown}
Potions
 b - a potion of magic
 d - a potion of haste {unknown}
 e - a potion of curing {unknown}


   Skills:
 - Level 2.6 Dodging
 - Level 2.1 Stealth
 - Level 2.0 Spellcasting
 + Level 5.0 Ice Magic


You had 4 spell levels left.
You knew the following spells:

 Your Spells              Type           Power      Damage    Failure   Level
a - Freeze                Ice            60%        1d7       3%          1

Your spell library contained the following spells:

 Spells                   Type           Power      Damage    Failure   Level
 Frozen Ramparts          Ice            30%        1d5       9%          3
 Ozocubu's Armour         Ice            15%        N/A       9%          3
 Summon Ice Beast         Ice/Summ       8%         N/A       63%         4


Dungeon Overview and Level Annotations

Branches:
Dungeon (1/15)

Altars:


Innate Abilities, Weirdness & Mutations

((You are very nimble when in or above water. (Stealth+, EV+, Speed+++)))
Your lower body shifts to a powerful aquatic tail in water.


Message History

You freeze the ball python.
The ball python is severely wounded.
The ball python barely misses you. The ball python grabs you.
The ball python constricts you.
You hit the ball python.
You kill the ball python!
You see here a +0 dagger.
Found a stone staircase leading down.
g - 2 scrolls labelled DAIDDE FATUU
There is a stone staircase leading down here.
A ball python comes into view.
Found a dented bone amulet.
Found a scroll labelled DAIDDE FATUU.
You are caught in the web!
h - an amulet of faith
There is a web here.
You disentangle yourself.
A gnoll comes into view. It is wielding a +0 flail.
An endoplasm and a bat come into view.
The helpless gnoll fails to defend itself.
You hit the gnoll but do no damage. The gnoll hits you with a +0 flail!
Casting: Freeze (safe; 3% risk of failure)
Confirm with . or Enter, or press ? or * to list all spells.
Aiming: Freeze (safe; 3% risk of failure)
Press: ? - help, Shift-Dir - straight line, f - gnoll
Aim: a gnoll, wielding a +0 flail You freeze the gnoll.
The gnoll is moderately wounded.
The gnoll closely misses you. The gnoll attacks as you move away!
The gnoll hits you with a +0 flail.
Casting: Freeze (safe; 3% risk of failure)
Confirm with . or Enter, or press ? or * to list all spells.
Aiming: Freeze (safe; 3% risk of failure)
Press: ? - help, Shift-Dir - straight line, f/p - gnoll
Aim: a gnoll, wielding a +0 flail (moderately wounded)
You freeze the gnoll.
The gnoll is severely wounded.
The ball python hisses angrily.
The gnoll hits you with a +0 flail!
You die...

........# #......
........# #......
........# ######......
......?.##^............
......... .... #......
........###.# #......
........##..#####......
#.........#.......
#@#.#.......###)..
#g#.#......###..##
#...#.#.....## #.##
..b.#.#.#..(..# #.#
.J..#####.#.....####.#
.........^#).......#.###
.##########..........#..
...#.##.............##..
#.....†................


You could see a gnoll.

Vanquished Creatures
  2 ball pythons (D:1)
  A goblin (D:1)
  A hobgoblin (D:1)
  2 quokkas (D:1)
  A frilled lizard (D:1)
  2 kobolds (D:1)
  2 rats (D:1)
11 creatures vanquished.

Notes
Turn   | Place    | Note
-------+----------+-------------------------------------------
     0 | D:1      | Chilbo the Merfolk Ice Elementalist began the quest for the
                  | Orb.
     0 | D:1      | Reached XP level 1. HP: 13/13 MP: 3/3
   156 | D:1      | Reached XP level 2. HP: 18/19 MP: 1/5
   189 | D:1      | Reached skill level 5 in Ice Magic
   286 | D:1      | Slain by a gnoll

Illustrated notes

Levels and vault maps discovered:
D:1:      dpeg_arrival_water_altar, layout_rooms, minivault_25, corner_web_ring,
          palyth_stone_intersect, nrook_uturn, hangedman_decor_clover_reticule

Skill      XL: |  1  2 |
---------------+-------+-----
Ice Magic      | 5 |  5.0
Dodging        | |  2.6
Stealth        | |  2.1
Spellcasting   | |  2.0

Action                     || total
---------------------------++-------
  Melee: Unarmed           ||    35
   Cast: Freeze            ||    13
   Stab: Sleeping          ||     1
 Armour: Robe              ||     3
  Dodge: Dodged            ||    34
